 Dungeon Crawl Stone Soup version 0.29-a0-284-gf9362112df (webtiles) character file.

Game seed: 16746004811156198021

149 spaghetti the Changer (level 5, -4/33 HPs)
             Began as an Octopode Transmuter on Mar 24, 2022.
             Was a Believer of Trog.
             Slain by an orc wizard
             ... wielding a +0 dagger
              (5 damage)
             ... on level 4 of the Dungeon.
             The game lasted 00:04:53 (3911 turns).

spaghetti the Changer (Octopode Transmuter)         Turns: 3911, Time: 00:04:53

Health: -4/33      AC:  1    Str: 13 (15) XL:     5   Next: 31%
Magic:  8/8        EV: 13    Int: 16 (17) God:    Trog [**....]
Gold:   138        SH:  0    Dex: 12 (13) Spells: 7/8 levels left

rFire   . . .      SeeInvis .   o - +0 whip (venom) {mace}
rCold   . . .      Faith    .   (no shield)
rNeg    . . .      Spirit   .   (helmet restricted)
rPois   .          Reflect  .   (no amulet)
rElec   .          Harm     .   c - +6 ring of strength
rCorr   .          Rampage  .   (no ring)
Will    .....                   (no ring)
Stlth   ++........              (no ring)
HPRegen 0.11/turn               (no ring)
MPRegen 0.11/turn               (no ring)
                                (no ring)
                                (no ring)

@: confused, ambrosia-drunk, hasted, very quick
A: almost no armour, amphibious, 8 rings, camouflage 1, gelatinous body 1,
(nimble swimmer 1), tentacles
a: Renounce Religion, Berserk, Trog's Hand


You were on level 4 of the Dungeon.
You worshipped Trog.
Trog was pleased with you.
You visited 1 branch of the dungeon, and saw 4 of its levels.

You collected 138 gold pieces.


Innate Abilities, Weirdness & Mutations

You cannot wear most types of armour.
You are amphibious.
You can wear up to eight rings at the same time.
Your skin changes colour to match your surroundings (Stealth+).
Your rubbery body absorbs attacks. (AC +1, EV +1)
((You are camouflaged when in or above water. (Stealth+)))
You have tentacles for arms and can constrict up to eight enemies at once.


   Skills:
 - Level 1.0 Fighting
 + Level 2.3 Throwing
 + Level 3.2 Dodging
 - Level 3.1 Unarmed Combat
 - Level 2.0 Spellcasting
 - Level 3.3 Transmutations
 - Level 1.7 Poison Magic


You had 7 spell levels left.
You knew the following spells:

 Your Spells              Type           Power      Damage    Failure   Level
a - Beastly Appendage     Tmut           24%        N/A       5%          1

Your spell library contained the following spells:

 Spells                   Type           Power      Damage    Failure   Level
 Sting                    Tmut/Pois      36%        1d4       8%          1
 Wereblood                Tmut           12%        N/A       9%          2
 Poisonous Vapours        Pois/Air       8%         N/A       22%         2
 Spider Form              Tmut/Pois      9%         N/A       22%         3
 Olgreb's Toxic Radiance  Pois           7%         N/A       69%         4
 Ice Form                 Ice/Tmut       6%         N/A       71%         4

Inventory:

Hand Weapons
 i - a +0 dagger of speed {short}
   (You took it off a goblin on level 3 of the Dungeon)
 l - a +0 rapier {short}
   (You found it on level 2 of the Dungeon)
 o - a +0 whip of venom (weapon) {mace}
   (You found it on level 3 of the Dungeon)
Missiles
 d - 116 stones (quivered) {throwing}
Jewellery
 c - a +6 ring of strength (left tentacle)
   (You found it on level 1 of the Dungeon)
 m - a ring of positive energy
   (You found it on level 3 of the Dungeon)
Scrolls
 g - a scroll of enchant armour {unknown}
 h - a scroll of amnesia {unknown}
Potions
 b - a potion of degeneration {!q@e2}
 j - 3 potions of heal wounds {unknown}
 k - a potion of flight {unknown}
 n - a potion of mutation {unknown}
 p - 2 potions of attraction {unknown}

Dungeon Overview and Level Annotations

Branches:
Dungeon (4/15)
 Temple: D:4-7

Altars:
Fedhas
Trog

Shops:
D:3

=*[ .#.#....#
.........†#.#
.<.##....
..........#..#
....#....
.........###.#
##....#..
#.......## .#
...##.#
####.[..## .#
..## ####..##
.# .# #(...##
#{...(#.#
#@{...(...
#.{.)......
.....(..(:.
#......(....
#....#..(...
.....#..((..
##....#.....
#.##.. ..


There were no monsters in sight!


Message History

The orc shouts!
You hear a shout!
An orc wizard comes into view. It is wielding a +0 dagger.
You throw a stone {throwing}.
The stone {throwing} closely misses the orc.
The stone {throwing} completely misses the orc wizard.
You throw a stone {throwing}. The stone {throwing} hits the orc.
The orc wizard casts a spell.
The orc wizard flickers and vanishes!
Deactivating autopickup; reactivate with Ctrl-A.
An orc wizard comes into view. It is wielding a +0 dagger.
You throw a stone {throwing}. The orc wizard shouts!
The stone {throwing} hits the orc.
The orc wizard casts a spell.
The orc wizard flickers and vanishes!
You throw a stone {throwing}. The stone {throwing} hits the orc.
You kill the orc!
Trog accepts your kill.
An orc wizard comes into view. It is wielding a +0 dagger.
You throw a stone {throwing}. The orc wizard shouts!
The stone {throwing} hits the orc wizard but does no damage.
You throw a stone {throwing}.
The stone {throwing} hits the orc wizard.
You throw a stone {throwing}.
The stone {throwing} hits the orc wizard but does no damage.
You throw a stone {throwing}.
The stone {throwing} closely misses the orc wizard.
You throw a stone {throwing}.
The stone {throwing} hits the orc wizard.
Something hits you.
You are confused.
The orc wizard gestures at you while chanting.
You resist with some effort. 😕 HP[-2]
You take 2 damage, and now have 31/33 hp.
An orc wizard is nearby!
An orc wizard is nearby!
Unknown command.
Something tries to affect you, but you resist.
Something hits you but does no damage. Something hits you. 😕 HP[-3]
You take 3 damage, and now have 28/33 hp.
Something completely misses you.
The orc wizard gestures at you while chanting.
The puff of flame misses you.
You hear some strange, mumbled words.
A puff of flame appears from out of thin air!
The puff of flame hits you.
You see here a stone {throwing}. 😮 HP[-6]
You take 6 damage, and now have 22/33 hp.
Something hits you. x2; The orc wizard barely misses you. 😮 HP[-5]
You take 5 damage, and now have 17/33 hp.
Something hits you.
* * * LOW HITPOINT WARNING * * *
Something barely misses you.
You feel less confused. 😨 HP[-2]
You take 2 damage, and now have 15/33 hp.
Unknown command.
It was a potion of degeneration.
There was something very wrong with that liquid.
You feel weakened.
You feel dopey.
You feel clumsy.
The orc wizard casts a spell.
The orc wizard flickers and vanishes!
Something hits you.
* * * LOW HITPOINT WARNING * * *
Something barely misses you. 😨 HP[-3]
You take 3 damage, and now have 12/33 hp.
Unknown command.
It was a potion of curing.
You feel better. Something barely misses you. Something hits you.
* * * LOW HITPOINT WARNING * * *
Something hits you.
* * * LOW HITPOINT WARNING * * *
😨 HP[+1] It was a potion of haste.
You feel yourself speed up. Something hits you.
* * * LOW HITPOINT WARNING * * *
Something barely misses you.
You hear some strange, mumbled words.
A puff of flame appears from out of thin air!
The puff of flame hits you!
* * * LOW HITPOINT WARNING * * *
😱 HP[-12]
You take 12 damage, and now have 1/33 hp.
MASSIVE DAMAGE!! (PAUSE)
Okay, then.
Okay, then.
You fail to use your ability.
Unknown command.
Unknown command.
It was a potion of ambrosia.
You are confused.
You feel invigorated. Something hits you.
* * * LOW HITPOINT WARNING * * *
Something hits you.
You die...

Skill      XL: |  1  2  3  4 |
---------------+-------------+-----
Transmutations | 3 |  3.3
Poison Magic   | 1 |  1.7
Throwing       | 2 |  2.3
Dodging        | 3 |  3.2
Fighting       | |  1.0
Unarmed Combat | |  3.1
Spellcasting   | |  2.0

Action                   |  1- 3 |  4- 6 || total
-------------------------+-------+-------++-------
Melee: Unarmed           |    56 |    31 ||    87
       Tentacles         |    10 |    14 ||    24
       Constrict         |    13 |    13 ||    26
       Kick              |     3 |       ||     3
       Dagger            |       |    16 ||    16
       Punch             |       |     1 ||     1
       Whip              |       |     3 ||     3
Throw: Stone             |    44 |   108 ||   152
 Cast: Beastly Appendage |     4 |       ||     4
  Use: Potion            |     1 |     4 ||     5
       Scroll            |       |     5 ||     5
 Stab: Sleeping          |     1 |       ||     1
Armor: Skin              |     2 |     3 ||     5
Dodge: Dodged            |    29 |    23 ||    52

Levels and vault maps discovered:
D:1:      saegor_arrival_simple_e, layout_basic
D:2:      minmay_razor_zed, layout_basic, chequers_ecumenical_altar_simple,
          lightli_corner_chamber
D:3:      layout_basic, serial_shops, nicolae_shop_hallway_plus,
          nicolae_shop_hallway_plus, nicolae_shop_waterfront
D:4:      layout_rooms, mainiacjoe_overflow_paths, nzn_wu_jian_council_hall,
          minmay_gold_behind_fungi, minmay_manual_mess

Notes
Turn   | Place    | Note
-------+----------+-------------------------------------------
     0 | D:1      | spaghetti the Octopode Transmuter began the quest for the
                  | Orb.
     0 | D:1      | Reached XP level 1. HP: 13/13 MP: 3/3
     0 | D:1      | magus.rc [v1.9.6]
   477 | D:1      | HP: 3/13 [gnoll/+0 club (3)]
   480 | D:1      | Reached skill level 3 in Transmutations
   480 | D:1      | Reached XP level 2. HP: 6/18 MP: 5/5
   810 | D:1      | You add the spells Sting, Poisonous Vapours and Olgreb's
                  | Toxic Radiance to your library.
   943 | D:1      | Reached skill level 1 in Poison Magic
   952 | D:1      | Reached XP level 3. HP: 17/23 MP: 6/6
  1696 | D:2      | Found a faded altar of an unknown god.
  1711 | D:2      | Prayed at the altar of an unknown god.
  1711 | D:2      | Became a worshipper of Trog the Wrathful
  1711 | D:2      | Reached * piety under Trog
  2107 | D:2      | Reached XP level 4. HP: 28/28 MP: 7/7
  2165 | D:2      | Reached skill level 1 in Throwing
  2706 | D:3      | Found Bany's Jewellery Boutique.
  2915 | D:3      | Found Todghoep's Assorted Antiques.
  3268 | D:3      | Found Mamiov's Antique Armour Emporium.
  3342 | D:3      | Reached ** piety under Trog
  3470 | D:3      | Reached skill level 2 in Throwing
  3470 | D:3      | Reached skill level 3 in Dodging
  3470 | D:3      | Reached XP level 5. HP: 28/33 MP: 8/8
  3840 | D:4      | Found a blossoming altar of Fedhas.
  3909 | D:4      | HP: 1/33 [something/puff of flame (10)]
  3911 | D:4      | Slain by an orc wizard

Vanquished Creatures
  A jelly (D:3)
  A gnoll (D:1)
  4 adders
  2 worms (D:2)
  A dart slug (D:2)
  An orc (D:4)
  7 ball pythons
  5 endoplasms
  6 giant cockroaches
  5 goblins
  5 hobgoblins
  3 jackals (D:3)
  3 quokkas
  4 bats
  3 frilled lizards
  9 kobolds
  2 rats (D:2)
62 creatures vanquished.

Table legend:
 A = Non-vault XP
 B = Vault XP
 C = Vault XP percentage of total XP
 D = Non-vault monster count
 E = Vault monster count
 F = Vault count percentage of total count
                 A         B        C        D         E       F
            +---------+---------+-------+---------+---------+-------
      Total |     174 |      40 |  18.7 |      54 |       8 |  12.9
            +---------+---------+-------+---------+---------+-------
        D:1 |      42 |       0 |   0.0 |      17 |       0 |   0.0
        D:2 |      40 |      40 |  50.0 |      15 |       8 |  34.8
        D:3 |      82 |       0 |   0.0 |      17 |       0 |   0.0
        D:4 |      10 |       0 |   0.0 |       5 |       0 |   0.0
            +---------+---------+-------+---------+---------+-------

Illustrated notes

Table legend:
 A = Kills in this place as a percentage of kills in entire the game.
 B = Kills by you in this place as a percentage of kills by you in the entire game.
 C = Kills by friends in this place as a percentage of kills by friends in the entire game.
 D = Other kills in this place as a percentage of other kills in the entire game.
 E = Experience gained in this place as a percentage of experience gained in the entire game.
 F = Experience gained in this place divided by the number of levels of this place that you have seen.
                   A       B       C       D       E      F
               +-------+-------+-------+-------+-------+----------------------
         Total | 100.0 | 100.0 |   N/A |   N/A | 100.0 |  53.5
       Dungeon | 100.0 | 100.0 |   N/A |   N/A | 100.0 |  53.5
               +-------+-------+-------+-------+-------+----------------------

Table legend: (Time is in decaauts)
 A = Elapsed time spent in this place.
 B = Non-inter-level travel time spent in this place.
 C = Inter-level travel time spent in this place.
 D = Time resting spent in this place.
 E = Time spent auto-exploring this place.
 F = Levels seen in this place.
 G = Mean time per level.
                   A        B        C        D        E       F      G
               +--------+--------+--------+--------+--------+-----+--------+
         Total |   3905 |   3782 |    123 |    447 |   2878 |   4 |  976.2 |
       Dungeon |   3905 |   3782 |    123 |    447 |   2878 |   4 |  976.2 |
               +--------+--------+--------+--------+--------+-----+--------+

Top non-repeatable levels by time:
     D:1: 1593 daAuts
     D:2: 1230 daAuts
     D:3: 957 daAuts
     D:4: 123 daAuts
